 Dungeon Crawl Stone Soup version 0.28.0-53-g5a82cb258f (webtiles) character file.

Game seed: 14030017866199008499

32011 Sildred the Slicer (level 13, -6/94 HPs)
             Began as a Demonspawn Chaos Knight on July 14, 2022.
             Was a Plaything of Xom.
             Drowned by a drowned soul (16 damage)
             ... summoned by a merfolk avatar
             ... on level 1 of the Shoals.
             The game lasted 02:13:18 (11999 turns).

Sildred the Slicer (Demonspawn Chaos Knight)       Turns: 11999, Time: 02:13:19

Health: -6/94      AC: 14    Str: 19    XL:     13   Next: 29%
Magic:  0/22       EV: 25    Int: 21    God:    Xom [...*..]
Gold:   764        SH:  0    Dex: 11    Spells: 10/12 levels left

rFire   . . .      SeeInvis +   D - +3 rapier (drain)
rCold   . . .      Faith    .   z - orb {mayhem}
rNeg    . . .      Spirit   +   k - +2 scale mail "Joco Tiw" {Will+ MP+9}
rPois   +          Reflect  .   K - +2 hat {Will+}
rElec   .          Harm     .   r - +1 cloak
rCorr   .          Rampage  .   (no gloves)
Will    +++..      Clarity  +   (no boots)
Stlth   ++........              j - amulet of regeneration
HPRegen 1.05/turn               O - ring of the Doge {Wiz Will+ Str+2 Int+7}
MPRegen 0.36/turn               q - ring of the Hare {EV+8}

@: agile
A: antennae 1, claws 2, hooves 2, powered by pain 1, magic shield, magic
regeneration, see invisible, clarity, clumsy 1, frail 1, mutation resistance 1,
sense surroundings 1, poison resistance
a: Renounce Religion


You were on level 1 of the Shoals.
You worshipped Xom.
You were a favourite toy of Xom.
You visited 4 branches of the dungeon, and saw 15 of its levels.
You also visited: Sewer and Ossuary.

You collected 980 gold pieces.
You spent 216 gold pieces at shops.

Inventory:

Hand Weapons
 a - a +0 falchion of chaos
 g - a +8 trident of pain
 m - a +2 dagger of venom
 p - a +1 dagger of speed
 D - a +3 rapier of draining (weapon)
 J - the +4 scimitar "Usiefica" {chaos, rElec Will+}
   (Xom gifted it to you on level 2 of the Lair of Beasts)

   Each time it hits an enemy it has a different, random effect.
   rElec:     It insulates you from electricity.
   Will:      It increases your willpower.
 T - a +4 flail of freezing
Missiles
 d - 18 poisoned darts
 v - 2 curare-tipped darts (quivered)
Armour
 c - a scarf of invisibility
 k - the +2 scale mail "Joco Tiw" (worn) {Will+ MP+9}
   (You found it on level 6 of the Dungeon)

   MP:        It affects your magic capacity (+9).
   Will:      It increases your willpower.
 r - a +1 cloak (worn)
 z - an orb of mayhem (worn)
 B - the +1 ring mail "Gydd" {rElec rF- Dex+2}
   (You bought it in a shop on level 5 of the Dungeon)

   Dex:       It affects your dexterity (+2).
   rF:        It makes you vulnerable to fire.
   rElec:     It insulates you from electricity.
 K - a +2 hat of willpower (worn)
 P - +0 steam dragon scales
Magical Staves
 t - a staff of death
 y - a staff of cold
Jewellery
 i - a +4 ring of protection
 j - an amulet of regeneration (around neck)
 q - the ring of the Hare (right claw) {EV+8}
   (You found it on level 4 of the Dungeon)

   [ring of evasion]

   EV:        It affects your evasion (+8).
 s - an amulet of the acrobat
 A - a +4 ring of slaying
 M - an amulet of guardian spirit
 O - the ring of the Doge (left claw) {Wiz Will+ Str+2 Int+7}
   (You found it on level 8 of the Dungeon)

   [ring of wizardry]

   It improves your spell success rate.
   Str:       It affects your strength (+2).
   Int:       It affects your intelligence (+7).
   Will:      It increases your willpower.
 S - a ring of positive energy
 W - a ring of willpower
 Y - a ring of wizardry
Wands
 h - a wand of flame (70)
 U - a wand of acid (4)
 V - a wand of polymorph (7)
Scrolls
 n - 5 scrolls of enchant armour
 o - 3 scrolls of teleportation
 u - 3 scrolls of amnesia
 E - 7 scrolls of identify
 F - 3 scrolls of fog
 G - 2 scrolls of enchant weapon
 Q - 2 scrolls of magic mapping
Potions
 b - a potion of curing
 e - 4 potions of magic
 f - 3 potions of brilliance
 l - 3 potions of invisibility
 w - a potion of might
 x - 2 potions of resistance
 C - 3 potions of attraction
 H - 3 potions of haste
 L - a potion of flight
Miscellaneous
 I - a piece from Xom's chessboard (15/15)
 Z - a box of beasts (inert)


   Skills:
 + Level 10.9 Fighting
 + Level 13.5(13.7) Short Blades
 + Level 3.2(9.3) Long Blades
 + Level 0.6 Throwing
 + Level 8.8 Armour
 + Level 7.4 Dodging
 + Level 7.0 Stealth
 + Level 0.7 Evocations


You had 10 spell levels left.
You knew the following spells:

 Your Spells              Type           Power      Damage    Failure   Level
a - Freeze                Ice            0%         1d3       17%         1
b - Slow                  Hex            0%         N/A       17%         1

Your spell library contained the following spells:

 Spells                   Type           Power      Damage    Failure   Level
 Scorch                   Fire           0%         2d5       26%         2
 Static Discharge         Conj/Air       0%         N/A       26%         2
 Confusing Touch          Hex            0%         N/A       45%         3
 Dazzling Flash           Conj/Hex       0%         N/A       45%         3
 Frozen Ramparts          Ice            0%         1d2       45%         3
 Vampiric Draining        Necr           0%         2d6       45%         3
 Animate Dead             Necr           0%         N/A       85%         4
 Flame Wave               Conj/Fire      0%         2d4       85%         4
 Hailstorm                Conj/Ice       0%         3d3       85%         4
 Iskenderun's Mystic Bla  Conj/Tloc      0%         2d3       85%         4
 Lightning Bolt           Conj/Air       0%         1d11      99%         5
 Starburst                Conj/Fire      0%         6d3       100%        6
 Summon Cactus Giant      Summ           0%         N/A       100%        6
 Haunt                    Necr/Summ      0%         N/A       100%        7
 Infestation              Necr           0%         N/A       100%        8
 Maxwell's Capacitive Co  Air            0%         ∞         100%        8


Dungeon Overview and Level Annotations

Branches:
Dungeon (11/15)            Temple (1/1) D:7            Lair (2/6) D:11
 Shoals (1/4) Lair:2        Sewer (visited)         Ossuary (visited)
  Snake: Lair:2-4    Spider: Lair:2-4       Orc: D:9-12

Altars:
Ashenzari
Cheibriados
Elyvilon
Fedhas
Gozag
Hepliaklqana
Kikubaaqudgha
Makhleb
Nemelex Xobeh
Okawaru
Qazlal
Ru
Sif Muna
Trog
Uskayaw
Vehumet
Wu Jian
Xom
Yredelemnul
Zin
The Shining One

Shops:
D:4 *   D:5 ((*![

Annotations:
Shoals:1 Nikola


Innate Abilities, Weirdness & Mutations

You have a pair of small antennae on your head.
You have very sharp fingernails.
You have hoof-like feet.
You sometimes gain a little power by taking damage.
When hurt, damage is shared between your health and your magic reserves.
You regenerate magic rapidly.
You have supernaturally acute eyesight. (SInv)
You possess an exceptional clarity of mind.
You are clumsy. (Dex -2)
You are frail. (-10% HP)
You are somewhat resistant to further mutation.
You passively map a small area around you.
Your system is resistant to poisons. (rPois)


Message History

The merfolk avatar chants a haunting song.
You are unaffected.
The snapping turtle bites you from afar.
* * * LOW HITPOINT WARNING * * *
Something touches the plant.
The plant begins to die.
The drowned soul touches you. The drowned soul drowns you!
* * * LOW HITPOINT WARNING * * *
"Boo!"
You are now a favourite toy of Xom.
You hear a shout!
The merfolk avatar chants a haunting song.
You are unaffected.
The snapping turtle barely misses you.
Items here: ! $ ( ).
You hit the snapping turtle but do no damage.
You kick the snapping turtle, but do no damage.
The drowned soul touches you.
* * * LOW HITPOINT WARNING * * *
The drowned soul drowns you!
* * * LOW HITPOINT WARNING * * *
The snapping turtle completely misses you.
The snapping turtle bites you from afar!
You die... "That's my teddy bear, go get your own!"
Xom revives you!
The merfolk avatar chants a haunting song.
You are unaffected.
The snapping turtle closely misses you.
Items here: ! $ ( ).
You hit the snapping turtle.
You kick the snapping turtle, but do no damage.
The snapping turtle is lightly wounded.
A nearby plant withers and dies.
You hit the snapping turtle but do no damage.
You kick the snapping turtle.
The snapping turtle is lightly wounded.
The snapping turtle bites you!
* * * LOW HITPOINT WARNING * * *
The drowned soul touches you. The drowned soul drowns you!
You die...
Xom thinks this is hilarious!

....#.≈...≈≈≈P≈≈≈P≈
..≈....≈..≈≈P..PPPPP , ≈
,......≈^...≈P.≈≈≈P≈≈ ≈
.....≈≈...≈≈.P..... , ≈
....≈.≈...≈≈≈....# *
,...........≈m≈≈.# , ,
..≈≈.....#.≈≈≈≈.### * >, ≈
....≈...##t.≈≈≈...#
##.≈≈....@........#
#..≈≈...##W.≈W≈..## ###
,[...≈≈.###.≈W≈≈..# ##..
....≈≈≈...≈≈≈W≈≈.# #P..
..≈≈≈≈...≈≈≈≈≈≈≈.# ##...
≈.≈≈≈≈≈..≈≈≈≈≈≈≈.## ##.P..
≈
...≈≈≈...≈$.≈≈≈...###...##
≈ .......≈≈...≈..##.....##
, ...#....#.≈.≈≈.<##


You could see a merfolk avatar, a snapping turtle and 4 drowned souls.

Vanquished Creatures
  A merfolk impaler (Shoals:1)
  A hydra (D:7)
  A centaur warrior (Shoals:1)
  3 two-headed ogres
  A hell knight (D:10)
  A sea snake (Shoals:1)
  The ghost of raph the Carver, a novice MiMo of Makhleb (D:6)
  Pikel (D:6)
  A deep elf zephyrmancer (D:10)
  2 ugly things
  A faun (Shoals:1)
  2 manticores
  A wolf spider (D:10)
  2 cyclopes (D:11)
  3 merfolk sirens
  Maurice (D:8)
  3 cane toads
  Maggie (Lair:1)
  4 komodo dragons
  A kobold demonologist (D:7)
  3 merfolk (Shoals:1)
  2 hornets
  2 blink frogs (Lair:2)
  The ghost of Vorhees the Changer, an amateur MfTm (D:5)
  3 trolls (D:10)
  A centaur simulacrum (D:10)
  2 wyverns
  Sigmund (D:6)
  Eustachio (D:5)
  A culicivora (D:10)
  A shadow (D:8)
  2 wraiths
  30 yaks
  A steam dragon (D:8)
  2 wargs (D:11)
  3 acid dragons
  8 water moccasins
  2 black bears
  2 sky beasts (D:7)
  4 orc warriors
  An ice beast (D:9)
  2 hornet zombies
  The ghost of MalarOregon the Cudgeller, an amateur PaWr of Yredelemnul (D:3)
  7 centaurs
  3 ogres
  4 wolves
  A phantom (D:5)
  5 kobold brigands
  Blork the orc (D:5)
  A wyvern zombie (Ossuary)
  4 water moccasin zombies (Ossuary)
  3 killer bees (D:5)
  A wight (D:9)
  An electric eel (Lair:2)
  4 howler monkeys
  7 bullfrog zombies
  10 centaur zombies
  3 jellies
  2 centaur skeletons
  A hound (D:6)
  2 gnoll shamans
  2 orc priests (D:11)
  Ijyb (D:3)
  A bullfrog skeleton (D:4)
  3 iguanas
  6 orc wizards
  3 killer bee zombies
  11 mummies (Ossuary)
  3 howler monkey zombies
  8 gnolls
  6 adders
  3 white imps
  A howler monkey simulacrum (D:9)
  2 worms
  A dart slug (D:4)
  22 orcs
  9 ball pythons
  6 endoplasms
  2 giant cockroaches
  12 goblins
  2 hobgoblins
  22 kobolds
  A quokka (D:3)
  6 bats
  6 frilled lizards
  A goblin zombie (D:7)
  A quokka zombie (D:7)
  9 rats
318 creatures vanquished.

Vanquished Creatures (collateral kills)
  A two-headed ogre (D:8)
  An unseen horror (D:11)
  A rime drake (Lair:1)
  2 cane toads (Lair:1)
  3 blink frogs (Lair:2)
  9 yaks
  A warg (D:11)
  2 water moccasins (Lair:2)
  An ogre (D:4)
  3 wolves (Lair:1)
  4 wights (D:9)
  2 killer bees (D:11)
  2 centaur zombies (Ossuary)
  2 bullfrog zombies
  A hound (D:5)
  2 orc priests (D:8)
  2 mummies (Ossuary)
  An orc wizard (D:11)
  Robin (D:4)
  3 gnolls (D:9)
  3 orcs
  A ball python (D:4)
  An endoplasm (D:4)
  4 goblins (D:4)
  A hobgoblin (D:4)
  A quokka (D:4)
  3 kobolds (D:6)
58 creatures vanquished.

Vanquished Creatures (others)
  A wizard (D:7)
  3 yaks (D:9)
  A black bear (D:4)
  A killer bee (D:11)
  A mummy (Ossuary)
  5 fungi
  37 plants
  9 withered plants
58 creatures vanquished.

Grand Total: 434 creatures vanquished

Notes
Turn   | Place    | Note
-------+----------+-------------------------------------------
     0 | D:1      | Sildred the Demonspawn Chaos Knight began the quest for the
                  | Orb.
     0 | D:1      | Reached XP level 1. HP: 18/18 MP: 1/1
    28 | D:1      | Found a faded altar of an unknown god.
    33 | D:1      | XOM: silly message
    65 | D:1      | XOM: potion effect (brilliance)
   120 | D:1      | Discovered your monstrous ancestry.
   120 | D:1      | Gained mutation: You have sharp fingernails. [demonic
                  | ancestry]
   120 | D:1      | Reached XP level 2. HP: 18/24 MP: 2/2
   264 | D:1      | XOM: silly message
   441 | D:1      | XOM: god gift: scroll labelled YQOMUL IVOAMUPH {god gift}
   866 | D:2      | Reached skill level 1 in Dodging
   966 | D:2      | Gained mutation: You have large cloven feet. [demonic
                  | ancestry]
   966 | D:2      | Reached XP level 3. HP: 20/29 MP: 3/3
  1211 | D:2      | XOM: god gift: short sword {god gift}
  1284 | D:3      | Found a runed translucent door.
  1287 | D:3      | Noticed MalarOregon's ghost (amateur PaWr)
  1500 | D:3      | Reached skill level 1 in Short Blades
  1522 | D:3      | Noticed Ijyb
  1539 | D:3      | Killed Ijyb
  1540 | D:3      | Gained mutation: You have a pair of small antennae on your
                  | head. [demonic ancestry]
  1540 | D:3      | Reached XP level 4. HP: 27/37 MP: 4/4
  1626 | D:3      | XOM: scenery: create altars
  1785 | D:3      | XOM: give mutations
  1785 | D:3      | Gained mutation: You are agile. (Dex +2) [Xom's grace]
  1785 | D:3      | Gained mutation: You are covered in fur. (AC +1) [Xom's
                  | grace]
  1793 | D:3      | Reached skill level 2 in Short Blades
  1836 | D:3      | Gained mutation: You have very sharp fingernails. [demonic
                  | ancestry]
  1836 | D:3      | Reached XP level 5. HP: 42/42 MP: 5/5
  1938 | D:3      | XOM: give mutation
  1938 | D:3      | Gained mutation: Your flesh is heat resistant. (rF+) [Xom's
                  | grace]
  2126 | D:3      | XOM: 9-stop teleportation journey
  2182 | D:3      | XOM: summons 3 friendly demons
  2194 | D:3      | Lost mutation: Your flesh is heat resistant. (rF+) [potion
                  | of mutation]
  2194 | D:3      | Lost mutation: You are covered in fur. (AC +1) [potion of
                  | mutation]
  2194 | D:3      | Gained mutation: Your natural rate of healing is unusually
                  | fast. [potion of mutation]
  2194 | D:3      | Gained mutation: You have very sharp teeth. [potion of
                  | mutation]
  2212 | D:3      | XOM: summons friendly crimson imp
  2234 | D:3      | Killed MalarOregon's ghost
  2332 | D:4      | Reached XP level 6. HP: 48/48 MP: 6/6
  2341 | D:4      | Found a glowing drain.
  2394 | D:4      | Found a broken altar of Ashenzari.
  2405 | D:4      | XOM: torment (25/48 hp)
  2435 | D:4      | Found an opulent altar of Gozag.
  2436 | D:4      | XOM: scenery: create altars
  2445 | D:4      | Found Gozag's Platinum Reserve.
  2448 | D:4      | XOM: destruction
  2449 | D:4      | Reached skill level 3 in Short Blades
  2517 | D:4      | XOM: enchant monster (good)
  2556 | D:4      | XOM: 1-stop teleportation journey
  2560 | D:4      | Found the ring of the Hare {EV+8}
  2580 | D:4      | Reached skill level 4 in Short Blades
  2580 | D:4      | Reached skill level 1 in Stealth
  2580 | D:4      | Reached XP level 7. HP: 55/55 MP: 7/7
  2582 | D:4      | Noticed Robin
  2595 | D:4      | Killed Robin
  2645 | D:4      | XOM: give mutations
  2645 | D:4      | Gained mutation: You possess an exceptional clarity of
                  | mind. [Xom's grace]
  2645 | D:4      | Gained mutation: Your mind is acute. (Int +2) [Xom's grace]
  2645 | D:4      | Gained mutation: You have supernaturally acute eyesight.
                  | (SInv) [Xom's grace]
  2851 | Sewer    | Entered a sewer
  2873 | Sewer    | XOM: give mutations
  2873 | Sewer    | Gained mutation: You passively map a small area around you.
                  | [Xom's grace]
  2873 | Sewer    | Gained mutation: You are somewhat resistant to further
                  | mutation. [Xom's grace]
  3090 | Sewer    | XOM: scenery: summon butterflies
  3166 | Sewer    | XOM: scenery: 2 doors close
  3174 | Sewer    | XOM: god gift: staff of cold
  3306 | D:5      | Entered Level 5 of the Dungeon
  3329 | D:5      | Found a hide-covered altar of Uskayaw.
  3434 | D:5      | Identified the +0 leather armour of Ru's Grace {rElec rCorr
                  | Str-5 Dex+3}
  3459 | D:5      | XOM: enchant monster (bad)
  3481 | D:5      | Reached skill level 5 in Fighting
  3481 | D:5      | Reached skill level 5 in Short Blades
  3482 | D:5      | Reached XP level 8. HP: 62/62 MP: 8/8
  3509 | D:5      | Found Hiteson's Antique Weapon Shop.
  3535 | D:5      | Found Qusar's Assorted Antiques.
  3550 | D:5      | Noticed Eustachio
  3558 | D:5      | Killed Eustachio
  3562 | D:5      | Found a shimmering altar of Xom.
  3593 | D:5      | Found Koamapn's Antique Weapon Shop.
  3593 | D:5      | XOM: 1-stop teleportation journey
  3612 | D:5      | XOM: 3-stop teleportation journey
  3633 | D:5      | XOM: god gift: leather armour {god gift}
  3658 | D:5      | XOM: torment (32/62 hp)
  3716 | D:5      | Found Voyrut's Antique Armour Boutique.
  3769 | D:5      | Bought an encrusted ring mail for 216 gold pieces
  3769 | D:5      | Identified the +1 ring mail "Gydd" {rElec rF- Dex+2} (You
                  | bought it in a shop on level 5 of the Dungeon)
  3796 | D:5      | Found Qet Xaor's Distillery.
  3853 | D:5      | Found a hazy altar of Hepliaklqana.
  3853 | D:5      | Found an ornate altar of the Wu Jian Council.
  3946 | D:5      | Found a burning altar of Makhleb.
  3980 | D:5      | Found a runed translucent door.
  3989 | D:5      | XOM: scenery: summon butterflies
  4001 | D:5      | Noticed Vorhees's ghost (amateur MfTm)
  4012 | D:5      | XOM: confuse monster(s)
  4015 | D:5      | XOM: summons 3 friendly demons
  4022 | D:5      | Killed Vorhees's ghost
  4067 | D:5      | Noticed Blork the orc
  4078 | D:5      | Killed Blork the orc
  4079 | D:5      | Reached skill level 6 in Short Blades
  4305 | D:6      | Noticed Pikel
  4339 | D:6      | XOM: enchant monster (good)
  4342 | D:6      | Killed Pikel
  4343 | D:6      | Gained mutation: You regenerate magic rapidly. [demonic
                  | ancestry]
  4343 | D:6      | Reached XP level 9. HP: 69/69 MP: 9/9
  4397 | D:6      | XOM: give mutations
  4397 | D:6      | Lost mutation: Your natural rate of healing is unusually
                  | fast. [Xom's mischief]
  4397 | D:6      | Lost mutation: Your mind is acute. (Int +2) [Xom's
                  | mischief]
  4397 | D:6      | Lost mutation: You are agile. (Dex +2) [Xom's mischief]
  4410 | D:6      | Noticed Sigmund
  4410 | D:6      | XOM: 3-stop teleportation journey
  4421 | D:6      | Killed Sigmund
  4740 | D:6      | Reached skill level 7 in Short Blades
  4774 | D:6      | XOM: divination: detect items
  4871 | D:6      | Found a runed translucent door.
  4872 | D:6      | Noticed raph's ghost (novice MiMo)
  4895 | D:6      | XOM: divination: detect items
  4896 | D:6      | XOM: scenery: 1 doors close
  4897 | D:6      | XOM: smoke on damage
  4903 | D:6      | XOM: potion effect (invisibility)
  4907 | D:6      | XOM: divination: detect items
  4927 | D:6      | Killed raph's ghost
  4929 | D:6      | Identified the +2 scale mail "Joco Tiw" {Will+ MP+9}
  4979 | D:6      | Reached skill level 5 in Armour
  5133 | D:6      | Found a radiant altar of Vehumet.
  5363 | D:7      | Reached skill level 5 in Dodging
  5381 | D:7      | Found a sand-covered staircase.
  5388 | Ossuary  | Entered an ossuary
  5426 | Ossuary  | XOM: silly message
  5478 | Ossuary  | Reached skill level 8 in Short Blades
  5483 | Ossuary  | XOM: noise
  5519 | Ossuary  | XOM: noise
  5570 | Ossuary  | Gained mutation: You sometimes gain a little power by
                  | taking damage. [demonic ancestry]
  5570 | Ossuary  | Reached XP level 10. HP: 74/77 MP: 10/10
  5729 | Ossuary  | XOM: silly message
  5932 | D:7      | Noticed a wizard
  5937 | D:7      | XOM: potion effect (invisibility)
  5944 | D:7      | Killed a wizard
  5945 | D:7      | Reached skill level 9 in Short Blades
  5958 | D:7      | XOM: silly message
  6027 | D:7      | Noticed an orange demon
  6048 | D:7      | XOM: 8-stop teleportation journey
  6082 | D:7      | XOM: enchant monster (bad)
  6230 | D:7      | Noticed a purple ugly thing
  6233 | D:7      | Noticed an eight-headed hydra
  6239 | D:7      | XOM: noise
  6244 | D:7      | Killed a purple ugly thing
  6402 | D:7      | Found a basalt altar of Yredelemnul.
  6430 | D:7      | XOM: cleaving
  6445 | D:7      | XOM: summons friendly ynoxinul
  6451 | D:7      | Killed an eight-headed hydra
  6461 | D:7      | XOM: cleaving
  6468 | D:7      | Reached skill level 10 in Short Blades
  6468 | D:7      | Reached skill level 5 in Stealth
  6625 | D:7      | Found a staircase to the Ecumenical Temple.
  6692 | Temple   | Entered the Ecumenical Temple
  6751 | Temple   | XOM: god gift: 24 gold pieces
  6850 | D:8      | XOM: enchant monster (good)
  6963 | D:8      | XOM: scenery: 1 doors close
  7117 | D:8      | Noticed Maurice
  7120 | D:8      | Noticed a two-headed ogre
  7134 | D:8      | Killed a two-headed ogre
  7146 | D:8      | Reached XP level 11. HP: 41/84 MP: 11/11
  7158 | D:8      | Killed Maurice
  7188 | D:8      | XOM: give mutation
  7188 | D:8      | Gained mutation: Your system is resistant to poisons.
                  | (rPois) [Xom's grace]
  7250 | D:8      | Identified the ring of the Doge {Wiz Will+ Str+2 Int+7}
  7291 | D:8      | Learned a level 1 spell: Freeze
  7293 | D:8      | Learned a level 1 spell: Slow
  7391 | D:8      | XOM: give mutations
  7391 | D:8      | Gained mutation: You are clumsy. (Dex -2) [Xom's mischief]
  7391 | D:8      | Gained mutation: You are frail. (-10% HP) [Xom's mischief]
  7391 | D:8      | Lost mutation: You are frail. (-10% HP) [Xom's mischief]
  7778 | D:9      | XOM: enchant monster (good)
  7779 | D:9      | XOM: swap monsters
  7781 | D:9      | XOM: scenery: summon butterflies
  7798 | D:9      | XOM: 7-stop teleportation journey
  7825 | D:9      | XOM: potion effect (berserk rage)
  7846 | D:9      | Noticed a two-headed ogre
  7876 | D:9      | Killed a two-headed ogre
  8044 | D:9      | XOM: enchant monster (good)
  8071 | D:9      | XOM: scenery: create altars
  8077 | D:9      | Reached skill level 11 in Short Blades
  8157 | D:9      | XOM: potion effect (invisibility)
  8452 | D:9      | XOM: god gift: 31 stones
  8513 | D:10     | Entered Level 10 of the Dungeon
  8513 | D:10     | Found a snail-covered altar of Cheibriados.
  8517 | D:10     | Noticed Snorg
  8518 | D:10     | XOM: confuse monster(s)
  8522 | D:10     | XOM: confuse monster(s)
  8525 | D:10     | Noticed Snorg
  8525 | D:10     | Snorg changed into Snorg the culicivora
  8525 | D:10     | XOM: polymorph Snorg -> Snorg the culicivora
  8536 | D:10     | Killed Snorg the culicivora
  8637 | D:10     | Noticed a two-headed ogre
  8649 | D:10     | Killed a two-headed ogre
  8804 | D:10     | XOM: scenery: create altars
  9068 | D:10     | Noticed a two-headed ogre
  9071 | D:10     | Killed a two-headed ogre
  9121 | D:10     | XOM: confuse monster(s)
  9124 | D:10     | XOM: cast spell 'Summon Hydra'
  9213 | D:10     | Gained mutation: You have hoof-like feet. [demonic
                  | ancestry]
  9213 | D:10     | Reached XP level 12. HP: 95/95 MP: 12/12
  9295 | D:10     | Found a runed translucent door.
  9309 | D:10     | XOM: confuse monster(s)
  9374 | D:10     | XOM: fog
  9384 | D:10     | Reached skill level 12 in Short Blades
  9573 | D:10     | XOM: stat loss: -1 Int (20/21)
  9632 | D:11     | XOM: chaos cloud
  9755 | D:11     | Found a staircase to the Lair.
  9759 | D:11     | XOM: 6-stop teleportation journey
  9775 | D:11     | XOM: cleaving
  9790 | D:11     | XOM: 1-stop teleportation journey
  9802 | D:11     | XOM: scenery: create altars
  9817 | D:11     | XOM: cast spell 'Necromutation'
  9823 | D:11     | XOM: blink monster(s)
  9835 | D:11     | XOM: confuse monster(s)
  9859 | D:11     | Xom revived you
  9861 | D:11     | HP: 4/96 [barbs]
  9870 | D:11     | XOM: divination: magic mapping
 10281 | D:11     | XOM: summons 1 hostile demon
 10297 | Lair:1   | Entered Level 1 of the Lair of Beasts
 10367 | Lair:1   | XOM: divination: detect items
 10532 | Lair:1   | XOM: blink monster(s)
 10551 | Lair:1   | XOM: noise
 10560 | Lair:1   | Reached skill level 10 in Fighting
 10580 | Lair:1   | XOM: 1-stop teleportation journey
 10616 | Lair:1   | XOM: confuse monster(s)
 10623 | Lair:1   | XOM: scenery: summon butterflies
 10632 | Lair:1   | XOM: 1-stop teleportation journey
 10700 | Lair:1   | XOM: divination: magic mapping
 10846 | Lair:1   | XOM: divination: magic mapping
 10881 | Lair:1   | Noticed Maggie
 10900 | Lair:1   | Killed Maggie
 10901 | Lair:1   | Reached skill level 13 in Short Blades
 10994 | Lair:2   | XOM: 4-stop teleportation journey
 11024 | Lair:2   | XOM: god gift: 55 gold pieces
 11233 | Lair:2   | XOM: god gift: ring of wizardry
 11254 | Lair:2   | XOM: enchant monster (good)
 11265 | Lair:2   | XOM: summons 3 hostile shadow creatures
 11307 | Lair:2   | XOM: smoke on damage
 11309 | Lair:2   | Identified the +4 scimitar "Usiefica" {drain, rElec Will+}
                  | (Xom gifted it to you on level 2 of the Lair of Beasts)
 11309 | Lair:2   | XOM: god gift: +4 scimitar "Usiefica" {chaos, rElec Will+}
 11373 | Lair:2   | XOM: divination: magic mapping
 11378 | Lair:2   | XOM: swap monsters
 11380 | Lair:2   | XOM: silly message
 11391 | Lair:2   | XOM: scenery: create altars
 11397 | Lair:2   | XOM: noise
 11402 | Lair:2   | XOM: 2-stop teleportation journey
 11427 | Lair:2   | XOM: summons 5 friendly demons
 11428 | Lair:2   | XOM: stat loss: -1 Dex (10/11)
 11431 | Lair:2   | XOM: blink monster(s)
 11434 | Lair:2   | Gained mutation: When hurt, damage is shared between your
                  | health and your magic reserves. [demonic ancestry]
 11434 | Lair:2   | Reached XP level 13. HP: 82/104 MP: 13/13
 11642 | Lair:2   | Found a staircase to the Shoals.
 11653 | Shoals:1 | Entered Level 1 of the Shoals
 11679 | Shoals:1 | XOM: cleaving
 11702 | Shoals:1 | Noticed Nikola
 11723 | Shoals:1 | XOM: noise
 11735 | Shoals:1 | XOM: give mutations
 11735 | Shoals:1 | Gained mutation: You are weak. (Str -2) [Xom's mischief]
 11735 | Shoals:1 | Lost mutation: You have very sharp teeth. [Xom's mischief]
 11735 | Shoals:1 | Gained mutation: You are frail. (-10% HP) [Xom's mischief]
 11735 | Shoals:1 | Lost mutation: You are weak. (Str -2) [Xom's mischief]
 11737 | Shoals:1 | XOM: fog
 11745 | Shoals:1 | XOM: 3-stop teleportation journey
 11766 | Shoals:1 | XOM: divination: magic mapping
 11862 | Shoals:1 | XOM: noise
 11871 | Shoals:1 | Noticed a merfolk impaler
 11881 | Shoals:1 | XOM: potion effect (curing)
 11887 | Shoals:1 | Killed a merfolk impaler
 11888 | Shoals:1 | XOM: confuse monster(s)
 11966 | Shoals:1 | XOM: enchant monster (good)
 11972 | Shoals:1 | XOM: enchant monster (good)
 11994 | Shoals:1 | XOM: noise
 11996 | Shoals:1 | Xom revived you
 11999 | Shoals:1 | Drowned by a drowned soul

Illustrated notes

Levels and vault maps discovered:
D:1:      grunt_arrival_lava_bath, layout_loops_ring,
          shapermc_ecumenical_altar_gd, minmay_misc_feat_diagonals
D:2:      layout_loops_ring
D:3:      layout_loops_corners, nicolae_dithmenos_through_a_glass_darkly,
          ebering_ghost_sewer_d, uniq_ijyb
D:4:      layout_cave_pools, nicolae_gozag_zags_fifth_avenue,
          mainiacjoe_overflow_small_starburst, cheibrodos_sewer_entry_drain,
          uniq_robin
D:5:      layout_loops_ring, eat_drink_and_be_merry_uskayaw,
          gammafunk_temple_overflow_elements, nicolae_overflow_hidden_temple,
          gammafunk_temple_overflow_statue, gammafunk_ghost_grave, serial_shops,
          nicolae_diamond_shop, kennysheep_little_box, shop,
          nicolae_stop_n_shop_1, shop, uniq_blork_the_orc, uniq_eustachio
D:6:      layout_gridville, mainiacjoe_overflow_alcove_1, gammafunk_ghost_grave,
          uniq_pikel, uniq_sigmund
D:7:      cheibrodos_wizards_tower, layout_basic, overflow_temple_1_default,
          temple_fountains, enter_ossuary_4, minmay_the_grid_2x2
          [minmay_the_grid_empty, minmay_the_grid_stretched_grid,
          minmay_the_grid_all_tris, minmay_the_grid_prize_inner_circle]
D:8:      layout_gridville, grunt_ministairs_15, uniq_maurice
D:9:      layout_cave_pools, serial_ice, serial_ice_l, serial_ice_c,
          serial_ice_e, serial_ice_a
D:10:     layout_stronghold, marbit_many_paths, cheibriados_altar_1,
          serial_column_ruins, column_ruins_courtyard_long,
          column_ruins_hut_pillars, column_ruins_grid_3,
          column_ruins_corridor_corner, column_ruins_columns_corner,
          column_ruins_open_medium, column_ruins_grid_1,
          column_ruins_open_small_water, minivault_13, uniq_snorg
D:11:     layout_basic, erik_lair_orcish_takeover
Temple:   jpeg_temple_island
Lair:1:   layout_cave_pods, uniq_maggie
Lair:2:   layout_hall_layers, minmay_shoals_entry_lonely_mermaid,
          infiniplex_staircase_pool
Shoals:1: layout_shoals, uniq_nikola

Skill      XL: |  1  2  3  4  5  6  7  8  9 10 11 12 13 |
---------------+----------------------------------------+-----
Armour         | 2 3 4 5 6 7 8 |  8.8
Long Blades    | 3 |  3.2
Dodging        | 1 2 3 4 5 6 7 |  7.4
Short Blades   | 1 2 4 5 6 8 10 11 13 | 13.5
Fighting       | 4 5 6 7 9 10 | 10.9
Stealth        | 1 2 4 5 6 7 |  7.0
Throwing       | |  0.6
Evocations     | |  0.7

Action                   |  1- 3 |  4- 6 |  7- 9 | 10-12 | 13-15 || total
-------------------------+-------+-------+-------+-------+-------++-------
Melee: Dagger            |   117 |   149 |   179 |       |       ||   445
       Falchion          |     5 |       |       |       |       ||     5
       Punch             |     5 |     1 |     2 |       |       ||     8
       Kick              |     9 |    46 |   156 |   319 |    47 ||   577
       Bite              |       |     8 |    60 |   149 |     6 ||   223
       Rapier            |       |       |   278 |   864 |   131 ||  1273
Throw: Dart              |     3 |     1 |     1 |       |       ||     5
Evoke: Wand              |       |       |     1 |     2 |     1 ||     4
       Box of beasts     |       |       |       |     1 |       ||     1
  Use: Scroll            |     6 |     1 |     2 |    15 |     1 ||    25
       Potion            |       |     1 |       |    16 |     9 ||    26
 Stab: Sleeping          |       |       |     3 |     4 |       ||     7
       Confused          |       |       |     1 |     2 |     1 ||     4
       Invisible         |       |       |     6 |     5 |       ||    11
       Distracted        |       |       |     1 |     6 |       ||     7
Armor: Leather armour    |    32 |    51 |    28 |       |       ||   111
       Ring mail         |       |       |    18 |       |       ||    18
       Scale mail        |       |       |    23 |   194 |    36 ||   253
Dodge: Dodged            |    66 |    65 |   282 |   758 |   101 ||  1272
